 Dungeon Crawl Stone Soup version 0.30-a0-778-g2ef04afb54 (webtiles) character file.

Game seed: 15783798698836393139

41 sircluck the Covered (level 3, -8/33 HPs)
             Began as a Minotaur Fighter on Feb 15, 2023.
             Killed by nerve-wracking pain
             ... invoked by an orc priest
              (12 damage)
             ... on level 3 of the Dungeon.
             The game lasted 00:01:40 (1317 turns).

sircluck the Covered (Minotaur Fighter)             Turns: 1317, Time: 00:01:40

Health: -8/33      AC:  9    Str: 22    XL:     3   Next: 32%
Magic:  0/2        EV:  9    Int:  5    God:
Gold:   105        SH:  4    Dex:  9    Spells: 2/2 levels left

rFire   . . .      SeeInvis +    a - +0 war axe
rCold   . . .      Faith    .    c - +0 buckler
rNeg    . . .      Spirit   +    b - +0 scale mail
rPois   .          Reflect  .    t - +2 hat
rElec   .          Harm     .    (no cloak)
rCorr   .          Rampage  .    (no gloves)
Will    .....                    (no boots) Stlth
                                 h - amulet of guardian spirit
HPRegen 0.25/turn                j - ring of see invisible
MPRegen 0.08/turn                (no ring)

@: no status effects
A: horns 2, retaliatory headbutt
a: no special abilities


You were on level 3 of the Dungeon.
You visited 1 branch of the dungeon, and saw 3 of its levels.

You collected 105 gold pieces.

Inventory:

Hand Weapons
 a - a +0 war axe (weapon)
Missiles
 g - 4 boomerangs of dispersal (quivered)
 m - 4 javelins
Armour
 b - a +0 scale mail (worn)
 c - a +0 buckler (worn)
 t - a +2 hat (worn)
Jewellery
 h - an amulet of guardian spirit (around neck)
 j - a ring of see invisible (left hand)
 k - a ring of ice
Scrolls
 e - a scroll of butterflies {unknown}
 l - 2 scrolls of identify {unknown}
 n - a scroll of immolation {unknown}
 o - a scroll of blinking {unknown}
 p - a scroll of torment {unknown}
Potions
 d - 2 potions of might
 f - 2 potions of curing {unknown}
 i - a potion of haste {unknown}
 q - a potion of heal wounds {unknown}
 r - a potion of resistance {unknown}
 s - a potion of flight {unknown}


   Skills:
 + Level 4.0 Fighting
 + Level 3.3 Axes
 + Level 4.2 Armour
 + Level 0.3 Dodging
 + Level 3.8 Shields


You had 2 spell levels left.
You didn't know any spells.
Your spell library was empty.

Dungeon Overview and Level Annotations

Branches:
Dungeon (3/15)

Altars:

Annotations:
D:3 Robin


Innate Abilities, Weirdness & Mutations

You have a pair of horns on your head.
You reflexively headbutt those who attack you in melee.


Message History

You block the orc's attack. You block the goblin's attack.
You closely miss the orc. You headbutt the orc, but do no damage.
The orc is heavily wounded.
You hit the goblin.
You kill the goblin!
You hit the rat.
You kill the rat!
Robin throws the goblin at you! The goblin hits you but does no damage.
The orc barely misses you. The goblin barely misses you.
You furiously retaliate!
You headbutt the goblin!
You kill the goblin!
A gnoll comes into view. It is wielding a +0 club.
The orc hits you but does no damage.
You hit the orc.
You kill the orc!
You hit the orc wizard. The orc wizard casts a spell at you.
You resist with significant effort.
The goblin unwields a +0 club.
The goblin wields a +0 sling.
The goblin shoots a sling bullet.
The sling bullet misses you.
You barely miss the orc wizard. Your headbutt misses the orc wizard.
The orc wizard is moderately wounded.
You closely miss the orc priest. The orc priest closely misses you.
You barely miss the orc wizard.
The orc wizard is moderately wounded.
You slash the goblin!
You kill the goblin!
You hit the orc priest.
The orc priest mumbles some strange prayers to Beogh against you.
Pain shoots through your body!
* * * LOW HITPOINT WARNING * * *
The orc wizard hits you but does no damage.
Robin closely misses you.
The orc wizard mumbles some strange words.
The orc wizard flickers and vanishes for a moment.
The orc hits you with a +0 mace.
* * * LOW HITPOINT WARNING * * *
The orc priest mumbles some strange prayers to Beogh against you.
Pain shoots through your body!
You die...

.......
.......
....... .#
......g .#
.....gg .#
....ggg##.#
#.ggoo).#
##@).#
#o.).#
.......#.)#
......##..#
.....###..#
........<.#
.######.#.#
#. ... #.
.....


You could see Robin, an orc priest, an orc wizard (invisible), a gnoll, an orc,
3 hobgoblins and 3 goblins.

Vanquished Creatures
  2 orcs (D:3)
  3 endoplasms
  3 giant cockroaches
  9 goblins
  3 hobgoblins (D:2)
  2 kobolds (D:1)
  A quokka (D:1)
  2 ball pythons (D:1)
  3 bats
  2 frilled lizards (D:1)
  5 rats
35 creatures vanquished.

Notes
Turn   | Place    | Note
-------+----------+-------------------------------------------
     0 | D:1      | sircluck the Minotaur Fighter began the quest for the Orb.
     0 | D:1      | Reached XP level 1. HP: 19/19 MP: 0/0
   218 | D:1      | Reached XP level 2. HP: 27/27 MP: 1/1
  1098 | D:2      | Found a faded altar of an unknown god.
  1153 | D:2      | Reached XP level 3. HP: 33/33 MP: 2/2
  1309 | D:3      | Identified the +0 helmet of the Supporting Gods {rF+ Will+
                  | Str+3 Dex+4}
  1309 | D:3      | Noticed Robin
  1317 | D:3      | Killed from afar by an orc priest

Illustrated notes

Levels and vault maps discovered:
D:1:      matt_arrival_spirals, layout_basic
D:2:      layout_rooms, ebering_ecumenical_altar_hall
D:3:      layout_basic, serial_shops, shop, uniq_robin

Skill      XL: |  1  2 |
---------------+-------+-----
Fighting       | 4 |  4.0
Armour         | 4 |  4.2
Axes           | 3 |  3.3
Dodging        | |  0.3
Shields        | |  3.8

Action                     || total
---------------------------++-------
  Melee: War axe           ||    57
         Headbutt          ||     5
 Armour: Scale mail        ||    31
  Dodge: Dodged            ||    31
  Block: Buckler           ||    17

Table legend: (Time is in decaauts)
 A = Elapsed time spent in this place.
 B = Non-inter-level travel time spent in this place.
 C = Inter-level travel time spent in this place.
 D = Time resting spent in this place.
 E = Time spent auto-exploring this place.
 F = Levels seen in this place.
 G = Mean time per level.
                   A        B        C        D        E       F      G
               +--------+--------+--------+--------+--------+-----+--------+
         Total |   1339 |   1271 |     68 |      0 |   1059 |   3 |  446.3 |
       Dungeon |   1339 |   1271 |     68 |      0 |   1059 |   3 |  446.3 |
               +--------+--------+--------+--------+--------+-----+--------+

Top non-repeatable levels by time:
     D:1: 885 daAuts
     D:2: 419 daAuts
     D:3: 33 daAuts
